 Dungeon Crawl Stone Soup version 0.31-a0-180-g519b7de00c (webtiles) character file.

Game seed: 16098580356999389030

9363 qw the Skirmisher (level 11, -14/103 HPs)
             Began as a Naga Hunter on June 19, 2023.
             Was a Believer of Okawaru.
             Demolished by an ogre
             ... wielding a +0 giant spiked club
             ... led by Lodul
              (15 damage)
             ... on level 11 of the Dungeon.
             The game lasted 00:04:56 (10976 turns).

qw the Skirmisher (Naga Hunter)                    Turns: 10976, Time: 00:04:56

Health: -14/103    AC: 14    Str: 21    XL:     11   Next: 45%
Magic:  13/14      EV: 15    Int:  9    God:    Okawaru [**....]
Gold:   482        SH:  0    Dex: 18    Spells: 10/10 levels left

rFire   . . .        Y - +0 orcbow
rCold   + . .        (shield currently unavailable)
rNeg    . . .        p - +0 steam dragon scales
rPois   +            j - +0 helmet
rElec   .            h - +0 cloak
rCorr   .            d - +2 pair of gloves
SInv    +            (no barding)
Will    +....        (no amulet)
Stlth   ++++         i - +6 ring of strength
HPRegen 0.37/turn    k - ring of protection from cold
MPRegen 0.14/turn

%: no passive effects
@: about to teleport, heroic, marked, very slow
A: AC +3, large, see invisible, deformed body, poison resistance, slowness 2,
spit poison 1, naga tail 1
a: Spit Poison, Renounce Religion, Heroism


You were on level 11 of the Dungeon.
You worshipped Okawaru.
Okawaru was pleased with you.
You visited 1 branch of the dungeon, and saw 11 of its levels.

You collected 617 gold pieces.
You spent 135 gold pieces at shops.


Innate Abilities, Weirdness & Mutations

Your serpentine skin is tough. (AC +3)
You have supernaturally acute eyesight. (SInv)
Armour fits poorly on your strangely shaped body.
Your system is resistant to poisons. (rPois)
You cover ground very slowly.
You can spit poison.
You have a snake-like lower body.


   Skills:
 + Level 8.0(13.0) Fighting
 - Level 13.0(18.0) Ranged Weapons
 - Level 4.2(9.2) Armour
 - Level 4.1(9.1) Dodging
 - Level 1.5(6.5) Stealth
 - Level 4.0 Invocations


You had 10 spell levels left.
You didn't know any spells.
Your spell library was empty.

Inventory:

Hand Weapons
 Y - a +0 orcbow (weapon)
Armour
 d - a +2 pair of gloves (worn)
 h - a +0 cloak (worn)
 j - a +0 helmet (worn)
 p - +0 steam dragon scales (worn)
Jewellery
 i - a +6 ring of strength (left hand)
 k - a ring of protection from cold (right hand)
Wands
 o - a wand of digging (3)
Scrolls
 a - 9 scrolls of identify
 l - 4 scrolls of teleportation
Potions
 b - a potion of cancellation
 e - a potion of heal wounds
 f - 3 potions of curing
 g - 2 potions of might
 m - 2 potions of enlightenment
 n - 2 potions of mutation

Dungeon Overview and Level Annotations

Branches:
Dungeon (11/15)            Temple (0/1) D:5
   Lair: D:8-11         Orc: D:9-12

Altars:
Ashenzari
Fedhas
Gozag
Kikubaaqudgha
Makhleb
Nemelex Xobeh
Okawaru
Qazlal
Sif Muna
Trog
Uskayaw
Vehumet
Wu Jian
Xom
Yredelemnul
The Shining One

Shops:
D:3 =((![

Annotations:
D:4 1 runed translucent door, qw's ghost, amateur GrFi
D:11 Lodul


Message History

The vampire mosquito misses you. x2; The centaur barely misses you. x2
The vampire mosquito bites you.
The vampire mosquito draws strength from your injuries!
The centaur closely misses you. x2; The vampire mosquito bites you!
The vampire mosquito draws strength from your injuries!
You shoot an arrow. The arrow hits the ogre.
The ogre is heavily wounded.
The centaur hits you but does no damage.
The centaur misses you. The vampire mosquito barely misses you.
The vampire mosquito bites you.
The vampire mosquito draws strength from your injuries!
The ogre barely misses you.
The centaur hits you but does no damage.
The centaur closely misses you.
You shoot an arrow. The arrow hits the ogre!
The ogre is almost dead.
The vampire mosquito bites you!
The vampire mosquito draws strength from your injuries!
The centaur hits you but does no damage.
The centaur closely misses you.
The vampire mosquito closely misses you.
Electricity crackles from Lodul's apparatus.
The bolt of lightning hits you!!
An ogre comes into view. It is wielding a +0 giant spiked club.
The centaur barely misses you.
The centaur kicks you but does no damage.
10976 ||| READING 5 scrolls of teleportation.
As you read the scroll of teleportation, it crumbles to dust.
You feel strangely unstable.
You have got your breath back.
The vampire mosquito bites you but does no damage.
The vampire mosquito barely misses you.
The centaur hits you but does no damage.
The centaur kicks you. The vampire mosquito misses you. x2
The centaur hits you but does no damage.
The centaur kicks you but does no damage.
Electricity crackles from Lodul's apparatus.
The bolt of lightning misses you.
The ogre hits you with a +0 giant spiked club!
You die...

............###
...........O.........###
............O...........
...........D...........
......................
..>...........OOY...#
###..######...OBYYY.#
#..# #...YycO..# #..#
#...yc@yO.# ###..#
#.######..# .....# #.#
..# .....######.# ..#
............# ...
####........# ....
#........# .....
#........######..cc..
####...............


You could see a boulder beetle, Lodul, a two-headed ogre, 5 yaks, an acid
dragon, 3 vampire mosquitoes, 5 ogres and 2 centaurs.

Vanquished Creatures
  Erica (D:10)
  A two-headed ogre (D:10)
  Psyche (D:10)
  A komodo dragon (D:10)
  Prince Ribbit (D:6)
  2 hornets (D:9)
  Sigmund (D:6)
  2 shadows
  A vampire (D:9)
  A wraith (D:10)
  4 vampire mosquitoes
  3 steam dragons
  2 water moccasins (D:5)
  Duvessa (D:7)
  An ice beast (D:8)
  4 orc warriors
  A black bear (D:8)
  An ogre (D:5)
  8 centaurs
  4 kobold brigands
  5 bullfrogs
  Blork the orc (D:5)
  A gnoll sergeant (D:8)
  2 scorpions (D:5)
  7 wights
  Dowan (D:7)
  19 killer bees
  3 howler monkeys
  4 orc priests
  8 hounds
  4 jellies
  2 sleepcaps
  3 iguanas
  9 orc wizards
  5 gnolls
  14 adders
  2 shadow imps
  2 white imps
  An ufetubus (D:7)
  A worm (D:4)
  A dart slug (D:1)
  29 orcs
  5 bats
  5 endoplasms
  5 giant cockroaches
  8 goblins
  9 hobgoblins
  20 kobolds
  5 quokkas
  9 ball pythons
  2 frilled lizards (D:2)
  4 rats (D:1)
237 creatures vanquished.

Vanquished Creatures (others)
  A two-headed ogre (D:10)
1 creature vanquished.

Grand Total: 238 creatures vanquished

Notes
Turn   | Place    | Note
-------+----------+-------------------------------------------
     0 | D:1      | qw the Naga Hunter began the quest for the Orb.
     0 | D:1      | Reached XP level 1. HP: 19/19 MP: 1/1
     0 | D:1      | 0 ||| qw: Version: 0.3-a-7-ge0c9b40
     0 | D:1      | 0 ||| qw: Game counter: 904
     0 | D:1      | 0 ||| qw: Always use a shield: true
     0 | D:1      | 0 ||| qw: God list: Okawaru
     0 | D:1      | 0 ||| qw: Allow faded altars: false
     0 | D:1      | 0 ||| qw: Do Orc after D:15 true
     0 | D:1      | 0 ||| qw: Do second Lair branch before Depths: true
     0 | D:1      | 0 ||| qw: Lair rune preference: random
     0 | D:1      | 0 ||| qw: Plans: Normal
     0 | D:1      | 0 ||| PLANNING D:1-11
     9 | D:1      | 9 ||| INVOKING Spit Poison.
    25 | D:1      | 25 ||| INVOKING Spit Poison.
    29 | D:1      | Reached skill level 4 in Ranged Weapons
    29 | D:1      | Reached XP level 2. HP: 26/26 MP: 2/2
    32 | D:1      | 32 ||| INVOKING Spit Poison.
    59 | D:1      | 59 ||| INVOKING Spit Poison.
    60 | D:1      | 60 ||| FLEEEEING.
    67 | D:1      | 67 ||| INVOKING Spit Poison.
    79 | D:1      | 79 ||| INVOKING Spit Poison.
    85 | D:1      | 85 ||| INVOKING Spit Poison.
    90 | D:1      | 90 ||| INVOKING Spit Poison.
   137 | D:1      | 137 ||| INVOKING Spit Poison.
   140 | D:1      | Reached XP level 3. HP: 32/32 MP: 3/3
   151 | D:1      | 151 ||| INVOKING Spit Poison.
   156 | D:1      | 156 ||| INVOKING Spit Poison.
   286 | D:1      | 286 ||| INVOKING Spit Poison.
   295 | D:1      | 295 ||| INVOKING Spit Poison.
   440 | D:1      | 440 ||| UPGRADING to +0 pair of gloves.
   445 | D:1      | 445 ||| UPGRADING to +6 ring of strength.
   446 | D:1      | 446 ||| READING 3 scrolls labelled FYOSUFFAMN.
   447 | D:1      | 447 ||| READING scroll labelled DULEPS TAKE.
   448 | D:1      | 448 ||| DRINKING 2 glowing black potions.
   449 | D:1      | 449 ||| READING 2 scrolls of identify.
   449 | D:1      | 449 ||| IDENTIFYING clear potion
   450 | D:1      | 450 ||| DROPPING scroll of butterflies.
   451 | D:1      | 451 ||| DROPPING potion of lignification.
   487 | D:2      | 487 ||| INVOKING Spit Poison.
   491 | D:2      | 491 ||| INVOKING Spit Poison.
   520 | D:2      | 520 ||| INVOKING Spit Poison.
   526 | D:2      | 526 ||| INVOKING Spit Poison.
   558 | D:2      | 558 ||| INVOKING Spit Poison.
   559 | D:2      | Reached skill level 5 in Ranged Weapons
   559 | D:2      | Reached XP level 4. HP: 39/39 MP: 4/4
   573 | D:2      | 573 ||| INVOKING Spit Poison.
   703 | D:2      | 703 ||| INVOKING Spit Poison.
   783 | D:2      | 783 ||| INVOKING Spit Poison.
  1024 | D:2      | 1024 ||| INVOKING Spit Poison.
  1027 | D:2      | 1027 ||| INVOKING Spit Poison.
  1080 | D:2      | 1080 ||| INVOKING Spit Poison.
  1125 | D:2      | 1125 ||| INVOKING Spit Poison.
  1197 | D:2      | 1197 ||| UPGRADING to +0 helmet.
  1202 | D:2      | 1202 ||| READING scroll labelled FANLANKE WUOFO.
  1203 | D:2      | 1203 ||| READING scroll labelled WUENKE OJEFI.
  1206 | D:2      | 1206 ||| READING scroll labelled ACOCITISHI.
  1207 | D:2      | 1207 ||| READING 2 scrolls of identify.
  1207 | D:2      | 1207 ||| IDENTIFYING bubbling pink potion
  1285 | D:3      | 1285 ||| INVOKING Spit Poison.
  1333 | D:3      | 1333 ||| INVOKING Spit Poison.
  1383 | D:3      | 1383 ||| INVOKING Spit Poison.
  1391 | D:3      | 1391 ||| INVOKING Spit Poison.
  1400 | D:3      | 1400 ||| INVOKING Spit Poison.
  1408 | D:3      | 1408 ||| INVOKING Spit Poison.
  1411 | D:3      | 1411 ||| INVOKING Spit Poison.
  1435 | D:3      | Reached skill level 3 in Fighting
  1441 | D:3      | 1441 ||| INVOKING Spit Poison.
  1445 | D:3      | 1445 ||| INVOKING Spit Poison.
  1524 | D:3      | Found Majuqif's Antique Armour Shoppe.
  1528 | D:3      | 1528 ||| SHOPLISTING ancient leather armour (210 gold, have
                  | 140).
  1528 | D:3      | 1528 ||| BUYING cloak (135 gold).
  1528 | D:3      | Bought a cloak for 135 gold pieces
  1528 | D:3      | 1528 ||| SHOPLISTING runed leather armour (150 gold, have
                  | 5).
  1549 | D:3      | 1549 ||| INVOKING Spit Poison.
  1551 | D:3      | Reached XP level 5. HP: 49/49 MP: 5/5
  1551 | D:3      | Found Tingiet's Antique Weapon Emporium.
  1555 | D:3      | Found Javvat's Weapon Shop.
  1558 | D:3      | 1558 ||| INVOKING Spit Poison.
  1568 | D:3      | Found Sudgh's Distillery.
  1570 | D:3      | 1570 ||| INVOKING Spit Poison.
  1578 | D:3      | 1578 ||| SHOPLISTING 2 potions of curing (60 gold, have 5).
  1578 | D:3      | 1578 ||| SHOPLISTING 2 potions of heal wounds (100 gold,
                  | have 5).
  1578 | D:3      | 1578 ||| SHOPLISTING potion of curing (30 gold, have 5).
  1578 | D:3      | 1578 ||| SHOPLISTING potion of enlightenment (50 gold, have
                  | 5).
  1578 | D:3      | 1578 ||| SHOPLISTING potion of haste (100 gold, have 5).
  1578 | D:3      | 1578 ||| SHOPLISTING potion of heal wounds (50 gold, have
                  | 5).
  1578 | D:3      | 1578 ||| SHOPLISTING potion of might (40 gold, have 5).
  1583 | D:3      | 1583 ||| INVOKING Spit Poison.
  1605 | D:3      | 1605 ||| INVOKING Spit Poison.
  1742 | D:3      | 1742 ||| INVOKING Spit Poison.
  1743 | D:3      | 1743 ||| INVOKING Spit Poison.
  1755 | D:3      | Found Vuov Mau's Jewellery Shoppe.
  1764 | D:3      | 1764 ||| SHOPLISTING +5 ring of evasion (468 gold, have 8).
  1764 | D:3      | 1764 ||| SHOPLISTING amulet of Henotheism {rPois rN+ Regen+
                  | rCorr} (663 gold, have 8).
  1764 | D:3      | 1764 ||| SHOPLISTING amulet of reflection (390 gold, have
                  | 8).
  1764 | D:3      | 1764 ||| SHOPLISTING ring of fire (325 gold, have 8).
  1896 | D:3      | 1896 ||| UPGRADING to +0 cloak.
  1901 | D:3      | 1901 ||| READING scroll labelled MATITO YKLUMOI.
  1902 | D:3      | 1902 ||| READING 2 scrolls labelled XINISA LUOMU.
  1903 | D:3      | 1903 ||| DROPPING scroll of blinking.
  2003 | D:4      | Found a radiant altar of Vehumet.
  2036 | D:4      | 2036 ||| INVOKING Spit Poison.
  2104 | D:4      | 2104 ||| INVOKING Spit Poison.
  2178 | D:4      | 2178 ||| INVOKING Spit Poison.
  2184 | D:4      | 2184 ||| INVOKING Spit Poison.
  2195 | D:4      | Found a runed translucent door.
  2198 | D:4      | Noticed qw's ghost (amateur GrFi)
  2289 | D:4      | 2289 ||| INVOKING Spit Poison.
  2292 | D:4      | 2292 ||| INVOKING Spit Poison.
  2298 | D:4      | 2298 ||| INVOKING Spit Poison.
  2316 | D:4      | 2316 ||| INVOKING Spit Poison.
  2323 | D:4      | 2323 ||| INVOKING Spit Poison.
  2391 | D:4      | Reached skill level 6 in Ranged Weapons
  2437 | D:4      | Found a shimmering altar of Xom.
  2439 | D:4      | Found an iron altar of Okawaru.
  2440 | D:4      | 2440 ||| PLANNING OKAWARU WORSHIP
  2440 | D:4      | 2440 ||| READING scroll labelled ZOERPH ZENO.
  2441 | D:4      | 2441 ||| READING 3 scrolls of identify.
  2441 | D:4      | 2441 ||| IDENTIFYING bubbling green potion
  2442 | D:4      | 2442 ||| DROPPING potion of degeneration.
  2448 | D:4      | Found a bloodstained altar of Trog.
  2450 | D:4      | Became a worshipper of Warmaster Okawaru
  2451 | D:4      | 2451 ||| PLANNING D:1-11
  2453 | D:4      | Found a glowing golden altar of the Shining One.
  2453 | D:4      | Found a basalt altar of Yredelemnul.
  2460 | D:4      | Found a stormy altar of Qazlal.
  2461 | D:4      | Found a blossoming altar of Fedhas.
  2506 | D:4      | 2506 ||| INVOKING Spit Poison.
  2521 | D:4      | 2521 ||| INVOKING Spit Poison.
  2528 | D:4      | 2528 ||| INVOKING Spit Poison.
  2529 | D:4      | Reached skill level 1 in Armour
  2529 | D:4      | Reached XP level 6. HP: 54/56 MP: 6/6
  3015 | D:5      | Entered Level 5 of the Dungeon
  3015 | D:5      | Found a shimmering blue altar of Sif Muna.
  3022 | D:5      | 3022 ||| INVOKING Spit Poison.
  3025 | D:5      | 3025 ||| INVOKING Spit Poison.
  3030 | D:5      | 3030 ||| INVOKING Spit Poison.
  3034 | D:5      | 3034 ||| INVOKING Spit Poison.
  3147 | D:5      | Found a staircase to the Ecumenical Temple.
  3152 | D:5      | Noticed a water moccasin
  3163 | D:5      | Killed a water moccasin
  3238 | D:5      | 3238 ||| INVOKING Spit Poison.
  3239 | D:5      | Reached XP level 7. HP: 66/66 MP: 7/7
  3243 | D:5      | 3243 ||| INVOKING Spit Poison.
  3246 | D:5      | 3246 ||| INVOKING Spit Poison.
  3249 | D:5      | Reached * piety under Okawaru
  3250 | D:5      | 3250 ||| INVOKING Heroism.
  3251 | D:5      | 3251 ||| INVOKING Spit Poison.
  3356 | D:5      | 3356 ||| INVOKING Spit Poison.
  3361 | D:5      | 3361 ||| INVOKING Spit Poison.
  3515 | D:5      | 3515 ||| INVOKING Spit Poison.
  3530 | D:5      | 3530 ||| INVOKING Heroism.
  3531 | D:5      | 3531 ||| INVOKING Spit Poison.
  3539 | D:5      | 3539 ||| INVOKING Spit Poison.
  3599 | D:5      | 3599 ||| INVOKING Spit Poison.
  3626 | D:5      | 3626 ||| INVOKING Spit Poison.
  3690 | D:5      | 3690 ||| INVOKING Heroism.
  3696 | D:5      | Reached skill level 7 in Ranged Weapons
  3696 | D:5      | 3696 ||| INVOKING Spit Poison.
  3697 | D:5      | Reached skill level 1 in Invocations
  3701 | D:5      | 3701 ||| INVOKING Spit Poison.
  3703 | D:5      | 3703 ||| INVOKING Heroism.
  3705 | D:5      | 3705 ||| INVOKING Spit Poison.
  3709 | D:5      | Reached XP level 8. HP: 23/73 MP: 4/8
  3725 | D:5      | 3725 ||| INVOKING Heroism.
  3726 | D:5      | 3726 ||| INVOKING Heroism.
  3727 | D:5      | 3727 ||| INVOKING Spit Poison.
  3877 | D:5      | 3877 ||| INVOKING Spit Poison.
  3884 | D:5      | 3884 ||| INVOKING Spit Poison.
  3890 | D:5      | 3890 ||| INVOKING Spit Poison.
  3935 | D:5      | 3935 ||| INVOKING Spit Poison.
  3939 | D:5      | 3939 ||| INVOKING Spit Poison.
  3966 | D:5      | 3966 ||| INVOKING Spit Poison.
  4052 | D:5      | 4052 ||| INVOKING Spit Poison.
  4305 | D:5      | 4305 ||| DROPPING ring of wizardry.
  4306 | D:5      | 4306 ||| READING scroll labelled UREUPRA VOAR.
  4307 | D:5      | 4307 ||| DRINKING 3 fizzy red potions.
  4348 | D:6      | 4348 ||| INVOKING Heroism.
  4349 | D:6      | 4349 ||| INVOKING Spit Poison.
  4353 | D:6      | 4353 ||| INVOKING Spit Poison.
  4354 | D:6      | Reached skill level 8 in Ranged Weapons
  4360 | D:6      | 4360 ||| INVOKING Spit Poison.
  4366 | D:6      | 4366 ||| STAIRDANCE
  4436 | D:6      | 4436 ||| STAIRDANCE
  4438 | D:5      | 4438 ||| INVOKING Spit Poison.
  4444 | D:5      | HP: 16/73 [orc priest/nerve-wracking pain (8)]
  4445 | D:5      | 4445 ||| READING scroll of teleportation.
  4446 | D:5      | 4446 ||| DRINKING 2 potions of heal wounds.
  4447 | D:5      | 4447 ||| INVOKING Heroism.
  4569 | D:6      | 4569 ||| INVOKING Spit Poison.
  4572 | D:6      | 4572 ||| STAIRDANCE
  4671 | D:6      | 4671 ||| INVOKING Spit Poison.
  4673 | D:6      | 4673 ||| STAIRDANCE
  4675 | D:5      | 4675 ||| INVOKING Spit Poison.
  4735 | D:6      | Noticed Blork the orc
  4736 | D:6      | 4736 ||| INVOKING Heroism.
  4740 | D:6      | 4740 ||| INVOKING Spit Poison.
  4744 | D:6      | 4744 ||| STAIRDANCE
  4863 | D:6      | 4863 ||| INVOKING Spit Poison.
  4868 | D:6      | 4868 ||| INVOKING Spit Poison.
  4872 | D:6      | 4872 ||| STAIRDANCE
  4874 | D:5      | 4874 ||| INVOKING Spit Poison.
  4874 | D:5      | Killed Blork the orc
  4933 | D:6      | 4933 ||| READING scroll of enchant armour.
  4933 | D:6      | 4933 ||| ENCHANTING +0 pair of gloves.
  4943 | D:6      | Noticed Prince Ribbit
  4944 | D:6      | 4944 ||| INVOKING Spit Poison.
  4951 | D:6      | 4951 ||| INVOKING Spit Poison.
  4955 | D:6      | 4955 ||| INVOKING Spit Poison.
  4957 | D:6      | Killed Prince Ribbit
  4999 | D:6      | 4999 ||| INVOKING Heroism.
  5016 | D:6      | 5016 ||| INVOKING Heroism.
  5017 | D:6      | 5017 ||| INVOKING Spit Poison.
  5021 | D:6      | Reached skill level 9 in Ranged Weapons
  5275 | D:6      | 5275 ||| INVOKING Spit Poison.
  5317 | D:6      | 5317 ||| READING scroll of enchant weapon.
  5317 | D:6      | 5317 ||| ENCHANTING +1 shortbow.
  5412 | D:6      | Noticed Sigmund
  5414 | D:6      | 5414 ||| INVOKING Spit Poison.
  5419 | D:6      | 5419 ||| INVOKING Spit Poison.
  5422 | D:6      | Killed Sigmund
  5423 | D:6      | Reached skill level 6 in Fighting
  5423 | D:6      | Reached XP level 9. HP: 75/85 MP: 10/10
  5430 | D:6      | 5430 ||| INVOKING Heroism.
  5558 | D:6      | 5558 ||| INVOKING Spit Poison.
  5578 | D:6      | 5578 ||| INVOKING Spit Poison.
  5586 | D:6      | 5586 ||| INVOKING Spit Poison.
  5876 | D:6      | 5876 ||| UPGRADING to ring of protection from cold.
  5877 | D:6      | 5877 ||| READING 7 scrolls of identify.
  5877 | D:6      | 5877 ||| IDENTIFYING glowing amethyst potion
  5900 | D:7      | 5900 ||| INVOKING Spit Poison.
  5903 | D:7      | 5903 ||| STAIRDANCE
  5930 | D:7      | 5930 ||| INVOKING Spit Poison.
  5937 | D:7      | 5937 ||| INVOKING Spit Poison.
  5941 | D:7      | 5941 ||| INVOKING Spit Poison.
  6057 | D:7      | 6057 ||| INVOKING Spit Poison.
  6074 | D:7      | Reached skill level 3 in Dodging
  6223 | D:7      | 6223 ||| INVOKING Heroism.
  6224 | D:7      | 6224 ||| INVOKING Spit Poison.
  6231 | D:7      | Reached skill level 3 in Invocations
  6233 | D:7      | 6233 ||| INVOKING Spit Poison.
  6240 | D:7      | 6240 ||| INVOKING Spit Poison.
  6246 | D:7      | 6246 ||| INVOKING Heroism.
  6247 | D:7      | 6247 ||| INVOKING Spit Poison.
  6257 | D:7      | 6257 ||| INVOKING Spit Poison.
  6371 | D:7      | Found a burning altar of Makhleb.
  6374 | D:7      | Found a hide-covered altar of Uskayaw.
  6410 | D:7      | 6410 ||| INVOKING Heroism.
  6548 | D:7      | 6548 ||| INVOKING Spit Poison.
  6591 | D:7      | 6591 ||| INVOKING Spit Poison.
  6595 | D:7      | 6595 ||| INVOKING Spit Poison.
  6601 | D:7      | 6601 ||| INVOKING Spit Poison.
  6606 | D:7      | 6606 ||| INVOKING Spit Poison.
  6609 | D:7      | 6609 ||| INVOKING Spit Poison.
  6674 | D:7      | 6674 ||| INVOKING Spit Poison.
  6738 | D:7      | 6738 ||| READING scroll of enchant armour.
  6738 | D:7      | 6738 ||| ENCHANTING +1 pair of gloves.
  6785 | D:7      | Noticed Duvessa
  6786 | D:7      | 6786 ||| INVOKING Spit Poison.
  6789 | D:7      | Noticed Dowan
  6792 | D:7      | 6792 ||| INVOKING Spit Poison.
  6795 | D:7      | Killed Duvessa
  6798 | D:7      | 6798 ||| INVOKING Spit Poison.
  6800 | D:7      | Killed Dowan
  6896 | D:7      | 6896 ||| UPGRADING to +0 steam dragon scales.
  6906 | D:7      | 6906 ||| DROPPING +0 leather armour.
  6907 | D:7      | 6907 ||| READING scroll labelled WISYACKE XOIDGH.
  7008 | D:7      | 7008 ||| READING scroll labelled MASAAJAFAPP.
  7009 | D:7      | 7009 ||| READING 10 scrolls of identify.
  7009 | D:7      | 7009 ||| IDENTIFYING metallic blue potion
  7010 | D:7      | 7010 ||| DROPPING potion of berserk rage.
  7062 | D:8      | 7062 ||| INVOKING Spit Poison.
  7066 | D:8      | 7066 ||| INVOKING Spit Poison.
  7072 | D:8      | 7072 ||| INVOKING Spit Poison.
  7073 | D:8      | Reached skill level 10 in Ranged Weapons
  7214 | D:8      | 7214 ||| INVOKING Spit Poison.
  7221 | D:8      | 7221 ||| INVOKING Spit Poison.
  7222 | D:8      | 7222 ||| INVOKING Heroism.
  7229 | D:8      | 7229 ||| INVOKING Spit Poison.
  7235 | D:8      | 7235 ||| INVOKING Spit Poison.
  7287 | D:8      | 7287 ||| INVOKING Spit Poison.
  7291 | D:8      | 7291 ||| INVOKING Spit Poison.
  7299 | D:8      | 7299 ||| INVOKING Spit Poison.
  7358 | D:8      | 7358 ||| INVOKING Spit Poison.
  7395 | D:8      | 7395 ||| INVOKING Heroism.
  7396 | D:8      | 7396 ||| SWAPPING to +0 orcbow.
  7397 | D:8      | 7397 ||| INVOKING Spit Poison.
  7402 | D:8      | 7402 ||| INVOKING Spit Poison.
  7412 | D:8      | 7412 ||| INVOKING Spit Poison.
  7415 | D:8      | Reached XP level 10. HP: 79/94 MP: 13/13
  7456 | D:8      | 7456 ||| DROPPING +2 shortbow of freezing.
  7476 | D:8      | 7476 ||| INVOKING Heroism.
  7645 | D:8      | 7645 ||| INVOKING Spit Poison.
  7650 | D:8      | 7650 ||| INVOKING Spit Poison.
  7654 | D:8      | 7654 ||| INVOKING Spit Poison.
  7840 | D:8      | 7840 ||| INVOKING Spit Poison.
  7846 | D:8      | 7846 ||| INVOKING Heroism.
  7847 | D:8      | 7847 ||| INVOKING Spit Poison.
  7857 | D:8      | 7857 ||| INVOKING Spit Poison.
  7863 | D:8      | 7863 ||| INVOKING Spit Poison.
  7955 | D:8      | Found an ornate altar of the Wu Jian Council.
  8054 | D:8      | 8054 ||| READING 9 scrolls of identify.
  8054 | D:8      | 8054 ||| IDENTIFYING viscous amethyst potion
  8055 | D:8      | 8055 ||| READING 8 scrolls of identify.
  8055 | D:8      | 8055 ||| IDENTIFYING golden potion
  8081 | D:9      | 8081 ||| INVOKING Spit Poison.
  8085 | D:9      | 8085 ||| INVOKING Spit Poison.
  8092 | D:9      | 8092 ||| INVOKING Heroism.
  8093 | D:9      | 8093 ||| INVOKING Spit Poison.
  8102 | D:9      | Reached skill level 11 in Ranged Weapons
  8103 | D:9      | 8103 ||| INVOKING Spit Poison.
  8113 | D:9      | 8113 ||| INVOKING Spit Poison.
  8287 | D:9      | Found an opulent altar of Gozag.
  8287 | D:9      | Found a sparkling altar of Nemelex Xobeh.
  8327 | D:9      | 8327 ||| INVOKING Spit Poison.
  8330 | D:9      | 8330 ||| INVOKING Heroism.
  8334 | D:9      | 8334 ||| INVOKING Spit Poison.
  8397 | D:9      | 8397 ||| INVOKING Spit Poison.
  8402 | D:9      | 8402 ||| INVOKING Heroism.
  8403 | D:9      | 8403 ||| INVOKING Spit Poison.
  8447 | D:9      | 8447 ||| INVOKING Heroism.
  8456 | D:9      | 8456 ||| DRINKING 3 potions of curing.
  8456 | D:9      | 8456 ||| (to cure confusion)
  8509 | D:9      | 8509 ||| INVOKING Heroism.
  8510 | D:9      | 8510 ||| INVOKING Spit Poison.
  8517 | D:9      | 8517 ||| INVOKING Spit Poison.
  8717 | D:9      | 8717 ||| INVOKING Spit Poison.
  8721 | D:9      | 8721 ||| INVOKING Spit Poison.
  8804 | D:9      | 8804 ||| INVOKING Spit Poison.
  8846 | D:9      | 8846 ||| INVOKING Spit Poison.
  8850 | D:9      | 8850 ||| INVOKING Spit Poison.
  8854 | D:9      | 8854 ||| INVOKING Heroism.
  8855 | D:9      | 8855 ||| INVOKING Spit Poison.
  9163 | D:9      | 9163 ||| INVOKING Spit Poison.
  9171 | D:9      | 9171 ||| INVOKING Spit Poison.
  9175 | D:9      | 9175 ||| INVOKING Heroism.
  9177 | D:9      | 9177 ||| INVOKING Spit Poison.
  9485 | D:9      | Found an ancient bone altar of Kikubaaqudgha.
  9540 | D:9      | 9540 ||| INVOKING Spit Poison.
  9548 | D:9      | 9548 ||| INVOKING Spit Poison.
  9553 | D:9      | 9553 ||| INVOKING Spit Poison.
  9557 | D:9      | 9557 ||| INVOKING Spit Poison.
  9790 | D:9      | 9790 ||| READING 3 scrolls labelled WURUFUBUPO.
  9791 | D:9      | 9791 ||| READING 3 scrolls labelled MEMYCULU DEON.
  9792 | D:9      | 9792 ||| DROPPING 2 scrolls of fear.
  9793 | D:9      | 9793 ||| DROPPING 2 scrolls of immolation.
  9820 | D:10     | Entered Level 10 of the Dungeon
  9825 | D:10     | 9825 ||| INVOKING Spit Poison.
  9835 | D:10     | 9835 ||| INVOKING Heroism.
  9907 | D:10     | 9907 ||| INVOKING Heroism.
 10003 | D:10     | 10003 ||| INVOKING Spit Poison.
 10006 | D:10     | Reached skill level 12 in Ranged Weapons
 10042 | D:10     | Identified the +0 plate armour "Etialol" {Str+5 Int-5}
 10149 | D:10     | Noticed a two-headed ogre
 10150 | D:10     | 10150 ||| INVOKING Heroism.
 10151 | D:10     | 10151 ||| INVOKING Spit Poison.
 10155 | D:10     | 10155 ||| INVOKING Spit Poison.
 10161 | D:10     | 10161 ||| INVOKING Spit Poison.
 10165 | D:10     | Killed a two-headed ogre
 10166 | D:10     | Reached XP level 11. HP: 62/103 MP: 12/14
 10166 | D:10     | 10166 ||| INVOKING Heroism.
 10169 | D:10     | 10169 ||| INVOKING Spit Poison.
 10170 | D:10     | HP: 24/103 [killer bee (6)]
 10171 | D:10     | 10171 ||| READING 5 scrolls of teleportation.
 10172 | D:10     | 10172 ||| DRINKING 2 potions of heal wounds.
 10177 | D:10     | 10177 ||| INVOKING Spit Poison.
 10344 | D:10     | 10344 ||| INVOKING Spit Poison.
 10349 | D:10     | Reached ** piety under Okawaru
 10351 | D:10     | 10351 ||| INVOKING Spit Poison.
 10355 | D:10     | 10355 ||| INVOKING Spit Poison.
 10361 | D:10     | 10361 ||| INVOKING Spit Poison.
 10363 | D:10     | 10363 ||| INVOKING Heroism.
 10366 | D:10     | 10366 ||| INVOKING Spit Poison.
 10512 | D:10     | Noticed a two-headed ogre
 10513 | D:10     | 10513 ||| INVOKING Heroism.
 10515 | D:10     | Noticed Erica
 10515 | D:10     | Noticed Psyche
 10517 | D:10     | 10517 ||| INVOKING Spit Poison.
 10522 | D:10     | Killed a two-headed ogre
 10527 | D:10     | 10527 ||| INVOKING Spit Poison.
 10534 | D:10     | 10534 ||| INVOKING Spit Poison.
 10537 | D:10     | Killed Erica
 10538 | D:10     | Killed Psyche
 10604 | D:10     | Found a broken altar of Ashenzari.
 10674 | D:10     | 10674 ||| INVOKING Spit Poison.
 10678 | D:10     | 10678 ||| INVOKING Spit Poison.
 10794 | D:10     | 10794 ||| READING scroll labelled JIBBOU NOJA.
 10795 | D:10     | 10795 ||| READING scroll labelled RALAIS PIMI.
 10796 | D:10     | 10796 ||| READING 10 scrolls of identify.
 10796 | D:10     | 10796 ||| IDENTIFYING sedimented blue potion
 10797 | D:10     | 10797 ||| DROPPING potion of brilliance.
 10946 | D:11     | 10946 ||| Stepping ~*~*~tactically~*~*~ (outnumbered).
 10950 | D:11     | 10950 ||| INVOKING Spit Poison.
 10954 | D:11     | 10954 ||| INVOKING Spit Poison.
 10960 | D:11     | Noticed a two-headed ogre
 10961 | D:11     | 10961 ||| INVOKING Heroism.
 10962 | D:11     | 10962 ||| INVOKING Spit Poison.
 10965 | D:11     | Noticed a boulder beetle
 10972 | D:11     | Reached skill level 13 in Ranged Weapons
 10972 | D:11     | 10972 ||| INVOKING Spit Poison.
 10972 | D:11     | Noticed Lodul
 10975 | D:11     | HP: 2/103 [Lodul/bolt of lightning (27)]
 10976 | D:11     | 10976 ||| READING 5 scrolls of teleportation.
 10976 | D:11     | Demolished by an ogre

Levels and vault maps discovered:
D:1:      grunt_arrival_lava_bath, layout_rooms
D:2:      layout_basic
D:3:      layout_basic, serial_shops, shop, shop, nicolae_square_shop,
          nicolae_shop_crystal, nicolae_shop_back_alley_shop,
          hangedman_feature_mirror
D:4:      layout_cave_pods, nicolae_overflow_hallway_of_the_gods,
          fiery_altar_vehumet, hellmonk_ghost_happy_afterlife, glass_columns_c
D:5:      minmay_diamond_boxcup, layout_basic, overflow_temple_1_default,
          minmay_temple_entry_junction, eino_tiny_chamber,
          nicolae_underground_beach
D:6:      layout_basic, uniq_blork_the_orc, uniq_sigmund, uniq_prince_ribbit1
D:7:      layout_basic, gammafunk_temple_overflow_statue, uniq_duvessa
D:8:      layout_loops_cross, marbit_many_paths, nicolae_letterblocks
          [nicolae_letter_subblock, nicolae_letter_subblock,
          nicolae_letter_subblock, nicolae_letter_subblock,
          nicolae_letter_subblock, nicolae_letter_subblock,
          nicolae_letter_subblock, nicolae_letter_subblock,
          nicolae_letter_subblock, nicolae_letter_subblock,
          nicolae_letter_subblock, nicolae_letter_subblock,
          nicolae_letter_subblock, nicolae_letter_subblock,
          nicolae_letter_subblock, nicolae_letter_subblock,
          nicolae_letter_subblock, nicolae_letter_subblock,
          nicolae_letter_subblock, nicolae_letter_subblock,
          nicolae_letter_subblock, nicolae_letter_subblock,
          nicolae_letter_subblock, nicolae_letter_subblock,
          nicolae_letter_subblock]
D:9:      layout_stronghold, grunt_temple_overflow_opulence,
          kiku_gazebo_pond_becter, hangedman_abyss_or_decor_clamps,
          hangedman_minor_gate_pass
D:10:     layout_cave_pools, mainiacjoe_overflow_chevrons,
          kennysheep_generic_room_14, uniq_erica, uniq_psyche
D:11:     layout_small_grid, lair_entry_dummy, uniq_lodul

Skill      XL: |  1  2  3  4  5  6  7  8  9 10 11 |
---------------+----------------------------------+-----
Ranged Weapons | 4 5 6 7 9 10 12 13 | 13.0
Fighting       | 3 4 6 7 8 |  8.0
Armour         | 1 2 4 |  4.2
Dodging        | 2 3 4 |  4.1
Invocations    | 1 4 |  4.0
Stealth        | |  1.5

Action                     |  1- 3 |  4- 6 |  7- 9 | 10-12 || total
---------------------------+-------+-------+-------+-------++-------
   Fire: Shortbow          |    52 |   126 |   353 |       ||   531
         Orcbow            |       |       |    15 |   326 ||   341
 Invoke: Heroism           |       |       |    16 |    16 ||    32
Ability: Spit Poison       |    18 |    39 |    76 |    52 ||   185
    Use: Scroll            |     3 |     8 |     9 |     9 ||    29
         Potion            |     1 |       |     2 |     2 ||     5
 Armour: Leather armour    |     1 |    21 |   101 |       ||   123
         Steam dragon scal |       |       |    20 |   194 ||   214
  Dodge: Dodged            |     5 |    29 |   202 |   362 ||   598

Table legend:
 A = Non-vault XP
 B = Vault XP
 C = Vault XP percentage of total XP
 D = Non-vault monster count
 E = Vault monster count
 F = Vault count percentage of total count
                 A         B        C        D         E       F
            +---------+---------+-------+---------+---------+-------
      Total |    9919 |    3457 |  25.8 |     208 |      30 |  12.6
            +---------+---------+-------+---------+---------+-------
        D:1 |      53 |       0 |   0.0 |      29 |       0 |   0.0
        D:2 |      64 |       0 |   0.0 |      12 |       0 |   0.0
        D:3 |      93 |      12 |  11.4 |      17 |       6 |  26.1
        D:4 |     180 |       0 |   0.0 |      14 |       0 |   0.0
        D:5 |     868 |     528 |  37.8 |      21 |      10 |  32.3
        D:6 |     296 |     506 |  63.1 |      13 |       2 |  13.3
        D:7 |    1015 |     211 |  17.2 |      24 |       2 |   7.7
        D:8 |    1434 |      78 |   5.2 |      24 |       1 |   4.0
        D:9 |    2219 |     889 |  28.6 |      26 |       7 |  21.2
       D:10 |    3071 |    1233 |  28.6 |      23 |       2 |   8.0
       D:11 |     626 |       0 |   0.0 |       5 |       0 |   0.0
            +---------+---------+-------+---------+---------+-------
